 Dungeon Crawl Stone Soup version 0.27-a0-1456-gf5a116941d (webtiles) character file.

Game seed: 3913203314819132915

6866 Arzdou the Cleaver (level 10, -15/72 HPs)
             Began as a Minotaur Berserker on July 5, 2021.
             Was an Elder of Trog.
             Collided with a stone wall (16 damage)
             ... caused by a wretched star
             ... on level 2 of the Abyss.
             The game lasted 00:15:55 (8355 turns).

Arzdou the Cleaver (Minotaur Berserker)             Turns: 8355, Time: 00:15:56

Health: -15/72     AC: 10    Str: 25 (26) XL:     10   Next: 78%
Magic:  0/9        EV:  9    Int:  0      God:    Trog [****..]
Gold:   552        SH:  0    Dex: 17 (19) Spells: 9/9 levels left

rFire    . . .     SeeInvis +   q - +11 hand axe of Byklus {vorpal, rElec Str+8 SInv Stlth-}
rCold    . . .     Faith    .   (no shield)
rNeg     . . .     Spirit   +   z - +0 plate armour
rPois    .         Reflect  .   (helmet restricted)
rElec    +         Harm     .   (no cloak)
rCorr    .         Rampage  .   (no gloves)
Will     ++...     Rnd*Rage +   (no boots)
Stlth    ..........             d - amulet of guardian spirit
HPRegen  1.00/turn              j - +6 ring of dexterity
MPRegen  0.11/turn              (no ring)

@: strong-willed, on berserk cooldown, regenerating, slowed, lost intelligence,
very slow
A: horns 2, retaliatory headbutt, [berserk 2], [deformed body], [deterioration
2], [dopey 2], [frail 2], [screaming 2], [inhibited regeneration], [weak 2]
a: Renounce Religion, Berserk, Trog's Hand, Brothers in Arms


You were on level 2 of the Abyss.
You worshipped Trog.
Trog was greatly pleased with you.
You visited 1 branch of the dungeon, and saw 10 of its levels.
You visited the Abyss 1 time.
You also visited: Ossuary.

You collected 552 gold pieces.

Inventory:

Hand Weapons
 q - the +11 hand axe of Byklus (weapon) {vorpal, rElec Str+8 SInv Stlth-}
   (You found it on level 5 of the Dungeon)

   It inflicts extra damage upon your enemies.
   Str:       It affects your strength (+8).
   rElec:     It insulates you from electricity.
   SInv:      It lets you see invisible.
   Stlth:     It makes you less stealthy.
 J - a +2 battleaxe
Missiles
 I - 5 throwing nets (quivered)
Armour
 f - a +0 ring mail
 p - a +0 chain mail
 z - a +0 plate armour (worn)
Jewellery
 d - an amulet of guardian spirit (around neck)
 j - a +6 ring of dexterity (left hand)
 y - a ring of wizardry
Wands
 a - a wand of digging (7)
 D - a wand of flame (28)
Scrolls
 b - 2 scrolls of blinking {unknown}
 e - a scroll of summoning {unknown}
 i - 8 scrolls of teleportation {unknown}
 n - a scroll of noise {unknown}
 o - 4 scrolls of magic mapping {unknown}
 s - 3 scrolls of fear {unknown}
 t - 2 scrolls of amnesia {unknown}
 x - 2 scrolls of brand weapon {unknown}
 A - a scroll of acquirement {unknown}
 B - 4 scrolls of immolation {unknown}
 C - 2 scrolls of fog {unknown}
 F - a scroll of enchant weapon {unknown}
 G - 2 scrolls of vulnerability {unknown}
Potions
 c - a potion of lignification
 g - 4 potions of brilliance
 h - 3 potions of invisibility
 k - 3 potions of magic
 l - 2 potions of ambrosia {unknown}
 m - 2 potions of resistance
 u - 5 potions of curing
 v - a potion of heal wounds {unknown}
 w - 3 potions of attraction
 E - a potion of haste {unknown}
 H - a potion of might {unknown}


   Skills:
 + Level 8.9 Fighting
 + Level 13.0 Axes
 + Level 11.9 Armour
 + Level 4.0 Dodging
 - Level 1.0 Stealth


You had 9 spell levels left.
You didn't know any spells.
Your spell library was empty.

Dungeon Overview and Level Annotations

Branches:
Dungeon (10/15)            Temple (0/1) D:6            Lair (0/6) D:9
    Orc (0/2) D:10        Ossuary (visited)

Altars:
Elyvilon
Wu Jian

Shops:
D:1 (   D:2 ?   D:4 [   D:7 *

Annotations:
D:10 Psyche


Innate Abilities, Weirdness & Mutations

You have a pair of horns on your head.
You reflexively headbutt those who attack you in melee.
[You often lose your temper in combat.]
[Armour fits poorly on your strangely shaped body.]
[Your body often deteriorates upon taking damage.]
[You are very dopey. (Int -4)]
[You are very frail. (-20% HP)]
[You frequently scream uncontrollably at your foes.]
[You do not regenerate when monsters are visible.]
[You are very weak. (Str -4)]


Message History

You can move again.
You closely miss the wretched star.
The wretched star glows turbulently.
The lance of force hits you.
You are knocked back by the lance of force.
You slam into the stone wall!
You hit the wretched star. Your headbutt misses the wretched star.
The wretched star is lightly damaged.
You hit the wretched star but do no damage.
The wretched star is lightly damaged.
The wretched star glows turbulently.
The lance of force hits you but does no damage.
You barely miss the wretched star.
The wretched star is lightly damaged.
The wretched star glows turbulently.
The lance of force hits you!
You are knocked back by the lance of force.
You slam into the stone wall!
A smoke demon comes into view.
The wretched star glows turbulently.
The lance of force hits you!
You are knocked back by the lance of force.
You slam into the stone wall!
Your body deteriorates!
You feel weakened.
The wretched star glows turbulently.
The lance of force hits you!
* * * LOW HITPOINT WARNING * * *
Your body deteriorates!
You feel clumsy.
You are knocked back by the lance of force.
You slam into the stone wall!
* * * LOW HITPOINT WARNING * * *
Your body deteriorates!
You feel clumsy.
The wretched star pulses with an eldritch light!
Your body twists and deforms.
Your regeneration stops near monsters.
The wretched star glows turbulently.
The lance of force hits you.
* * * LOW HITPOINT WARNING * * *
You are knocked back by the lance of force.
You slam into the stone wall!
You die...

.#.. . # # . #
#### .## .#.#.
##.#.## . #
#..#. ...
#######.*#
#..#
#.....#..#...#
##. #..@..# .
#..#.......
#####.##...
#.. .. .#. . #
#. ..


You could see a wretched star.

Vanquished Creatures
  Harold (D:8)
  A wretched star (Abyss:2)
  A worldbinder (Abyss:2)
  A centaur zombie (D:10)
  Maggie (D:7)
  An ancient zyme (Abyss:2)
  A troll (D:10)
  A ynoxinul (Abyss:2)
  4 yaks (D:10)
  A shadow (D:10)
  A wraith (Ossuary)
  2 water moccasins (D:7)
  Duvessa (D:7)
  2 ice beasts (D:8)
  2 black bears
  4 orc warriors
  2 ogres
  5 centaurs
  A phantom (D:4)
  Blork the orc (D:5)
  A bullfrog (D:7)
  Dowan (D:7)
  3 wights (D:8)
  4 howler monkeys
  A bullfrog zombie (D:7)
  5 hounds
  4 orc priests
  A bullfrog skeleton (D:6)
  4 jellies
  A centaur skeleton (D:7)
  A small abomination (Abyss:2)
  A gnoll shaman (D:9)
  3 iguanas
  An orc wizard (D:4)
  2 mummies
  2 howler monkey zombies
  5 gnolls (D:9)
  A howler monkey skeleton (D:5)
  11 adders
  2 white imps
  An adder skeleton (D:4)
  3 dart slugs
  25 orcs
  6 endoplasms
  11 giant cockroaches
  6 goblins
  A hobgoblin (D:4)
  A jackal (D:5)
  5 quokkas
  5 ball pythons
  2 bats (D:2)
  10 frilled lizards
  4 gnoll skeletons (Ossuary)
  A goblin zombie (D:5)
  A hobgoblin zombie (D:5)
  2 kobolds
  5 kobold skeletons (Ossuary)
  16 orc skeletons (Ossuary)
  4 rats
197 creatures vanquished.

Vanquished Creatures (others)
  7 plants (D:1)
7 creatures vanquished.

Grand Total: 204 creatures vanquished

Notes
Turn   | Place    | Note
-------+----------+-------------------------------------------
     0 | D:1      | Arzdou the Minotaur Berserker began the quest for the Orb.
     0 | D:1      | Reached XP level 1. HP: 19/19 MP: 0/0
   182 | D:1      | Found Qaack's Weapon Boutique.
   200 | D:1      | Found a faded altar of an unknown god.
   320 | D:1      | Reached XP level 2. HP: 27/27 MP: 1/1
   483 | D:1      | Reached skill level 4 in Axes
   840 | D:2      | Found Ata Per's Magic Scroll Emporium.
  1177 | D:2      | Reached XP level 3. HP: 34/34 MP: 2/2
  1206 | D:2      | Found an ornate altar of the Wu Jian Council.
  1911 | D:3      | Reached ** piety under Trog
  1952 | D:3      | Reached XP level 4. HP: 41/41 MP: 3/3
  2612 | D:4      | Reached skill level 5 in Axes
  2851 | D:4      | Noticed a phantom
  2864 | D:4      | Killed a phantom
  2865 | D:4      | Reached XP level 5. HP: 39/47 MP: 1/4
  2998 | D:4      | Found Kadoeq's Antique Armour Emporium.
  3079 | D:4      | Reached skill level 5 in Fighting
  3317 | D:4      | Reached XP level 6. HP: 52/56 MP: 5/5
  3539 | D:5      | Entered Level 5 of the Dungeon
  3623 | D:5      | Identified the +11 hand axe of Byklus {vorpal, rElec Str+8
                  | SInv Stlth-}
  3718 | D:5      | Reached skill level 6 in Axes
  3726 | D:5      | Reached skill level 5 in Armour
  3825 | D:5      | Reached skill level 1 in Stealth
  3834 | D:5      | Found a sand-covered staircase.
  3841 | Ossuary  | Entered an ossuary
  3841 | Ossuary  | Noticed a wraith
  3841 | Ossuary  | Noticed a wraith
  3841 | Ossuary  | Noticed a wraith
  3995 | Ossuary  | Reached XP level 7. HP: 61/61 MP: 6/6
  4061 | Ossuary  | Noticed a wraith
  4073 | Ossuary  | Killed a wraith
  4171 | Ossuary  | Reached *** piety under Trog
  4257 | D:5      | Reached skill level 7 in Axes
  4354 | D:5      | Noticed Blork the orc
  4360 | D:5      | Killed Blork the orc
  4863 | D:6      | Reached skill level 8 in Axes
  4863 | D:6      | Reached XP level 8. HP: 58/70 MP: 4/7
  5052 | D:6      | Reached **** piety under Trog
  5252 | D:6      | Found a staircase to the Ecumenical Temple.
  5294 | D:6      | You fall into a shaft and drop 3 floors!
  5305 | D:9      | Reached skill level 9 in Axes
  6081 | D:7      | Reached skill level 10 in Axes
  6261 | D:7      | Reached XP level 9. HP: 78/78 MP: 8/8
  6278 | D:7      | Noticed Maggie
  6283 | D:7      | Killed Maggie
  6318 | D:7      | Noticed Duvessa
  6318 | D:7      | Noticed Dowan
  6338 | D:7      | Killed Dowan
  6340 | D:7      | Killed Duvessa
  6420 | D:7      | Found Dahiheff's Serpentskin Sales.
  6627 | D:8      | Noticed Harold
  6638 | D:8      | Killed Harold
  6639 | D:8      | Reached skill level 11 in Axes
  6639 | D:8      | Reached skill level 10 in Armour
  6824 | D:8      | Reached XP level 10. HP: 86/86 MP: 9/9
  7234 | D:9      | Found a staircase to the Lair.
  7236 | D:9      | Found a white marble altar of Elyvilon.
  7460 | D:10     | Entered Level 10 of the Dungeon
  7492 | D:10     | Found a staircase to the Orcish Mines.
  7547 | D:10     | Reached skill level 12 in Axes
  8169 | D:10     | Noticed Psyche
  8172 | D:10     | Cast into level 2 of the Abyss (Psyche)
  8271 | Abyss:2  | Noticed a worldbinder
  8278 | Abyss:2  | Killed a worldbinder
  8309 | Abyss:2  | Noticed a wretched star
  8311 | Abyss:2  | Lost intelligence.
  8318 | Abyss:2  | Killed a wretched star
  8321 | Abyss:2  | Reached skill level 13 in Axes
  8343 | Abyss:2  | Noticed a wretched star
  8344 | Abyss:2  | Lost intelligence.
  8352 | Abyss:2  | Noticed a smoke demon
  8353 | Abyss:2  | HP: 2/72 [stone wall collision (8)]
  8355 | Abyss:2  | Collided with a stone wall

Illustrated notes

Levels and vault maps discovered:
D:1:      beargit_arrival_greenhouse, layout_basic, serial_shops,
          nicolae_diamond_shop, chequers_ecumenical_altar_twisty,
          minmay_misc_feat_alley, wad_woods_river_04, minmay_lizard_king
D:2:      layout_loops_ring, serial_shops, shop_statue, basic_altar,
          lemuel_flame_loot_1
D:3:      layout_basic, bh_walls_and_bars
D:4:      layout_loops_ring, serial_shops, nicolae_square_shop
D:5:      layout_loops_ring, nicolae_ossuary_entry_giza, gup_sewer_entry_pipe,
          minmay_quadrilaterals, uniq_blork_the_orc
D:6:      layout_cave_pools, minmay_temple_entry_statues
D:7:      layout_basic, solitary_fountain, guppyfry_shop_venom, uniq_maggie,
          uniq_duvessa
D:8:      layout_cave_pools, grunt_ogre_cave, kennysheep_generic_room_11,
          uniq_harold
D:9:      layout_big_octagon, lemuel_doored_altar, lair_entry_dummy
D:10:     layout_long_grid, orc_0_dummy, uniq_psyche
Abyss:2:  base:
D:4

Skill      XL: |  1  2  3  4  5  6  7  8  9 10 |
---------------+-------------------------------+-----
Fighting       | 4 5 6 7 8 |  8.9
Axes           | 4 5 6 8 10 11 13 | 13.0
Armour         | 3 4 5 6 8 10 11 | 11.9
Dodging        | 3 4 |  4.0
Stealth        | 1 |  1.0

Action                   |  1- 3 |  4- 6 |  7- 9 | 10-12 || total
-------------------------+-------+-------+-------+-------++-------
Melee: Hand axe          |    62 |   100 |   146 |    61 ||   369
       Headbutt          |    13 |    19 |    29 |    20 ||    81
Invok: Berserk           |     1 |       |     6 |     6 ||    13
       Trog's Hand       |       |     1 |     2 |     1 ||     4
  Use: Scroll            |     2 |     2 |       |     4 ||     8
Armor: Animal skin       |     4 |       |       |       ||     4
       Ring mail         |    13 |     4 |       |       ||    17
       Chain mail        |       |    43 |    19 |       ||    62
       Plate armour      |       |       |    37 |    21 ||    58
Dodge: Dodged            |    44 |    36 |    48 |    25 ||   153

Table legend: (Time is in decaauts)
 A = Elapsed time spent in this place.
 B = Non-inter-level travel time spent in this place.
 C = Inter-level travel time spent in this place.
 D = Time resting spent in this place.
 E = Time spent auto-exploring this place.
 F = Levels seen in this place.
 G = Mean time per level.
                   A        B        C        D        E       F      G
               +--------+--------+--------+--------+--------+-----+--------+
         Total |   8476 |   8181 |    295 |    883 |   6314 |  12 |  706.3 |
       Dungeon |   7872 |   7577 |    295 |    616 |   6103 |  10 |  787.2 |
         Abyss |    207 |    207 |      0 |    124 |     38 |   1 |  207.0 |
       Ossuary |    395 |    395 |      0 |    142 |    173 |   1 |  395.0 |
               +--------+--------+--------+--------+--------+-----+--------+

Top non-repeatable levels by time:
     D:4: 1065 daAuts
     D:2: 964 daAuts
     D:5: 896 daAuts
     D:1: 809 daAuts
     D:9: 739 daAuts
     D:3: 730 daAuts
    D:10: 721 daAuts
     D:7: 668 daAuts
     D:6: 648 daAuts
     D:8: 627 daAuts
 Ossuary: 395 daAuts
 Abyss:2: 207 daAuts
